 Dungeon Crawl Stone Soup version 0.29-a0-284-gf9362112df (webtiles) character file.

Game seed: 1371412110693892400

21 dracfodder the Firebug (level 2, 0/15 HPs)
             Began as a Gargoyle Fire Elementalist on Mar 25, 2022.
             Hit by a goblin thrown by Robin (1 damage)
             ... on level 2 of the Dungeon.
             The game lasted 00:03:59 (1328 turns).

dracfodder the Firebug (Gargoyle Fire Elementalist) Turns: 1328, Time: 00:04:00

Health: 0/15       AC:  5    Str: 11    XL:     2   Next: 83%
Magic:  0/5        EV: 12    Int: 15    God:
Gold:   61         SH:  0    Dex: 10    Spells: 4/5 levels left

rFire   . . .      SeeInvis .   f - +0 hunting sling
rCold   . . .      Faith    .   (no shield)
rNeg    + . .      Spirit   .   a - +0 robe
rPois   ∞          Reflect  .   (no helmet)
rElec   +          Harm     .   (no cloak)
rCorr   .          Rampage  .   g - +0 pair of gloves
Will    .....                   (no boots)
Stlth   ++........              (no amulet)
HPRegen 0.05/turn               (no ring)
MPRegen 0.09/turn               (no ring)

@: no status effects
A: sickness immunity, AC +2, negative energy resistance 1, electricity
resistance, torment resistance 1, petrification resistance
a: no special abilities


You were on level 2 of the Dungeon.
You visited 1 branch of the dungeon, and saw 2 of its levels.

You collected 61 gold pieces.

Inventory:

Hand Weapons
 f - a +0 hunting sling (weapon)
Armour
 a - a +0 robe (worn)
 g - a +0 pair of gloves (worn)
Jewellery
 m - a ring of protection from cold
Wands
 k - a wand of paralysis (12)
Scrolls
 c - 2 scrolls of teleportation {unknown}
 d - a scroll of vulnerability {unknown}
 i - a scroll of silence {unknown}
 l - a scroll of magic mapping {unknown}
Potions
 b - a potion of magic
 e - a potion of attraction {unknown}
 h - a potion of haste {unknown}
 j - a potion of flight {unknown}


   Skills:
 + Level 0.7 Slings
 + Level 1.6 Dodging
 + Level 2.3 Stealth
 + Level 2.1 Spellcasting
 + Level 1.1 Conjurations
 + Level 3.5 Fire Magic


You had 4 spell levels left.
You knew the following spells:

 Your Spells              Type           Power      Damage    Failure   Level
a - Foxfire               Conj/Fire      32%        2x1d5     9%          1

Your spell library contained the following spells:

 Spells                   Type           Power      Damage    Failure   Level
 Scorch                   Fire           24%        2d6       8%          2
 Conjure Flame            Conj/Fire      8%         6-21      26%         3
 Inner Flame              Hex/Fire       6%         N/A       32%         3
 Flame Wave               Conj/Fire      8%         2d5       63%         4


Dungeon Overview and Level Annotations

Branches:
Dungeon (2/15)

Altars:

Annotations:
D:2 Robin


Innate Abilities, Weirdness & Mutations

You are immune to sickness and miasma.
Your stone body is resilient. (AC +2)
You are immune to poison.
You resist negative energy. (rN+)
You are resistant to electric shocks. (rElec)
You are resistant to unholy torment.
You are immune to petrification.


Message History

You shoot a sling bullet.
The sling bullet barely misses the goblin.
The sling bullet closely misses the goblin.
The sling bullet hits the goblin.
The goblin is severely wounded.
The goblin no longer looks unusually strong.
The goblin misses you. The goblin hits you but does no damage.
The goblin barely misses you.
Robin roars a battlecry!
The goblin goes into a battle-frenzy!
The goblin completely misses you.
Fire: f) +0 hunting sling
Press: ? - help, Shift-Dir - straight line, f/p - goblin
Aim: a goblin, wielding a +0 dagger (heavily wounded, strong, 40% to hit)
You shoot a sling bullet.
The sling bullet closely misses the goblin.
The sling bullet hits the goblin but does no damage.
The goblin is severely wounded.
The goblin no longer looks unusually strong.
The goblin hits you with a +0 club.
* * * LOW HITPOINT WARNING * * *
The goblin hits you with a +0 dagger.
* * * LOW HITPOINT WARNING * * *
Casting: Foxfire (safe; 9% risk of failure)
Press: ? - help, Q - select action, (/) - cycle Dir - look around, f - activate You conjure some foxfire!
The goblin hits you but does no damage. The goblin barely misses you.
You don't have enough magic to cast this spell.
Fire: f) +0 hunting sling
Press: ? - help, Shift-Dir - straight line, f - goblin
Aim: a goblin, wielding a +0 club (moderately wounded, strong, 40% to hit)
You shoot a sling bullet.
The sling bullet barely misses the goblin.
The sling bullet hits the goblin.
You kill the goblin!
The goblin no longer looks unusually strong.
The foxfire hits the goblin.
You kill the goblin!
Robin throws the goblin at you!
You die...

##)).. ..... .......
#)..# # ..... #...#.#
..... #)#.#.# ...
#.g)..# ... ###g###
#'# #g# #.# ##@## #.#
##§vg## ###†####
##.....####......#
#.........#......#
##.....##.#....#.####
##...###.#.#........
##.## #.†....#.####
### ###.#.##.#
#.#.##.#


You could see Robin and 3 goblins.

Vanquished Creatures
  An endoplasm (D:1)
  2 giant cockroaches
  9 goblins (D:2)
  A quokka (D:2)
  3 ball pythons
  A bat (D:1)
  A frilled lizard (D:2)
  2 rats
20 creatures vanquished.

Vanquished Creatures (others)
  26 foxfires
26 creatures vanquished.

Grand Total: 46 creatures vanquished

Notes
Turn   | Place    | Note
-------+----------+-------------------------------------------
     0 | D:1      | dracfodder the Gargoyle Fire Elementalist began the quest
                  | for the Orb.
     0 | D:1      | Reached XP level 1. HP: 10/10 MP: 3/3
   591 | D:1      | Found a faded altar of an unknown god.
  1147 | D:2      | Reached XP level 2. HP: 15/15 MP: 5/5
  1310 | D:2      | Noticed Robin
  1328 | D:2      | Hit by a goblin thrown by Robin

Illustrated notes

Levels and vault maps discovered:
D:1:      dpeg_arrival_simpleton_b, layout_loops_ring,
          hellmonk_ecumenical_altar_zigzags, grunt_decor_resistance,
          chequers_big_river
D:2:      layout_loops_corners, uniq_robin

Action                   || total
-------------------------++-------
 Fire: Hunting sling     ||    22
 Cast: Foxfire           ||    16
Armor: Robe              ||     5
Dodge: Dodged            ||    18

Table legend: (Time is in decaauts)
 A = Elapsed time spent in this place.
 B = Non-inter-level travel time spent in this place.
 C = Inter-level travel time spent in this place.
 D = Time resting spent in this place.
 E = Time spent auto-exploring this place.
 F = Levels seen in this place.
 G = Mean time per level.
                   A        B        C        D        E       F      G
               +--------+--------+--------+--------+--------+-----+--------+
         Total |   1346 |   1324 |     22 |     42 |   1115 |   2 |  673.0 |
       Dungeon |   1346 |   1324 |     22 |     42 |   1115 |   2 |  673.0 |
               +--------+--------+--------+--------+--------+-----+--------+

Top non-repeatable levels by time:
     D:1: 967 daAuts
     D:2: 379 daAuts
